[Event "Titled Tuesday Blitz August 24 2021"]
[White "Fedoseev, Vladimir"]
[Black "TanitoluwaAps116"]
[WhiteFideId "24130737"]
[WhiteElo "2756"]
[BlackElo "2471"]
[Result "1-0"]
[Round "01"]
[TimeControl "180+1"]
[Date "2021.08.24"]
[WhiteClock "0:02:27"]
[BlackClock "0:01:00"]

1. b3 Nf6 2. Bb2 g6 3. Nc3 Bg7 4. Nd5 e6 5. Nxf6+ Bxf6 6. d4 O-O 7. Nf3 d5 8. e3 c5 9. Be2 Nc6 10. O-O a6 11. Qd2 Qe7 12. Ba3 b6 13. Rad1 Bb7 14. c4 Rfd8 15. cxd5 Rxd5 16. Qc1 Nb4 17. dxc5 bxc5 18. Rxd5 exd5 19. Qd2 Rd8 20. Rc1 Kg7 21. Bxb4 cxb4 22. Nd4 Rc8 23. Rxc8 Bxc8 24. Nc6 Qc5 25. Nxb4 Bc3 26. Nd3 Qa5 27. Qc1 Qxa2 28. Qxc3+ d4 29. Qxd4+ Kg8 30. Bf1 Be6 31. Nc5 Bxb3 32. Nxb3 Qxb3 33. Bxa6 Qb1+ 34. Bf1 Qc2 35. h4 Qf5 36. g3 Qb5 37. Bg2 Qb1+ 38. Kh2 Qf5 39. Qf4 Qe6 40. Bf3 Qe7 41. Kg2 Qe6 42. Qd4 Qf5 43. Bd5 Kf8 44. e4 Qd7 45. Qh8+ Ke7 46. Qxh7 Qxd5 47. exd5 1-0


[Site "https://www.chess.com"]

[Event "Titled Tuesday Blitz August 24 2021"]
[White "Gallegos Diaz, Carlos Alberto"]
[Black "Batsuren, Dambasuren"]
[WhiteFideId "3900886"]
[BlackFideId "4902920"]
[WhiteElo "2362"]
[BlackElo "2371"]
[Result "0-1"]
[Round "01"]
[TimeControl "180+1"]
[Date "2021.08.24"]
[WhiteClock "0:00:28"]
[BlackClock "0:01:45"]

1. e4 c6 2. d3 d5 3. Nd2 e5 4. Ngf3 Bd6 5. Be2 Nf6 6. O-O O-O 7. c3 Re8 8. h3 h6 9. Re1 Be6 10. Bf1 Nbd7 11. exd5 cxd5 12. Nb3 Qc7 13. Be3 Rad8 14. Rc1 a6 15. d4 e4 16. Nfd2 b5 17. a4 Rb8 18. axb5 axb5 19. Ra1 b4 20. Qc2 bxc3 21. bxc3 Bh2+ 22. Kh1 Bf4 23. c4 Bxe3 24. Rxe3 Qf4 25. Kg1 dxc4 26. Bxc4 Rec8 27. Rc3 Bxc4 28. Rxc4 Nb6 29. Rxc8+ Rxc8 30. Qd1 e3 31. fxe3 Qxe3+ 32. Kh1 Nbd5 33. Nf3 Ne4 34. Kh2 Qf4+ 35. Kg1 Ne3 36. Qe2 Rc2 37. Ra8+ Kh7 0-1


[Site "https://www.chess.com"]

[Event "Titled Tuesday Blitz August 24 2021"]
[White "Garv Gaur"]
[Black "Pakleza, Zbigniew"]
[WhiteFideId "45030839"]
[BlackFideId "1119290"]
[WhiteElo "1950"]
[BlackElo "2526"]
[Result "1/2-1/2"]
[Round "01"]
[TimeControl "180+1"]
[Date "2021.08.24"]
[WhiteClock "0:00:15"]
[BlackClock "0:00:09"]

1. d4 d6 2. Nf3 Bg4 3. c4 c6 4. g3 Bxf3 5. exf3 e6 6. Bg2 Ne7 7. O-O g6 8. f4 d5 9. c5 Bg7 10. Be3 Nf5 11. Nc3 O-O 12. Qc2 Nxd4 13. Bxd4 Bxd4 14. Rad1 Bxc5 15. Nxd5 Bxf2+ 16. Rxf2 cxd5 17. f5 gxf5 18. Bxd5 Qb6 19. Bg2 Nc6 20. Qd2 Qd8 21. Qc2 Qf6 22. Bxc6 Rfc8 23. Rd6 bxc6 24. Rxc6 Rd8 25. Rd2 f4 26. Rf2 Rd4 27. Rc4 Rad8 28. Rxd4 Rxd4 29. Qc3 Rd1+ 30. Kg2 Qxc3 31. bxc3 fxg3 32. hxg3 Rd3 33. Rc2 e5 34. c4 Rd6 35. Kf3 f5 36. g4 fxg4+ 37. Kxg4 Kf7 38. Kf5 Ke7 39. Kxe5 Rh6 40. c5 Kd7 41. Kd5 Rh5+ 42. Kc4 Kc6 43. Kd4 Rh4+ 44. Ke5 a5 45. Rc3 Rh5+ 46. Kd4 Rd5+ 47. Ke4 Rxc5 48. Rh3 Rc4+ 49. Kd3 Ra4 50. Rxh7 Kb5 51. Kc3 Rxa2 52. Kb3 Rf2 53. Rh5+ Kb6 54. Rh6+ Kb7 55. Rh7+ Ka6 56. Rh6+ Kb5 57. Rh5+ Kb6 1/2-1/2


[Site "https://www.chess.com"]

[Event "Titled Tuesday Blitz August 24 2021"]
[White "Grachev, Boris"]
[Black "Do Nascimento,Christian Almeida"]
[WhiteFideId "4129199"]
[BlackFideId "2143801"]
[WhiteElo "2580"]
[BlackElo "2083"]
[Result "0-1"]
[Round "01"]
[TimeControl "180+1"]
[Date "2021.08.24"]
[WhiteClock "0:00:02"]
[BlackClock "0:00:03"]

1. d4 Nf6 2. Bf4 d5 3. e3 g6 4. Nd2 Bg7 5. Ngf3 O-O 6. c3 c5 7. dxc5 a5 8. a4 Nc6 9. h3 Re8 10. Bb5 Bd7 11. O-O e5 12. Bxc6 exf4 13. Bxb7 fxe3 14. Bxa8 e2 15. Qb3 exf1=Q+ 16. Rxf1 Qxa8 17. Nd4 Rb8 18. Qa3 Bf8 19. Ra1 Ne4 20. Nxe4 dxe4 21. b4 axb4 22. cxb4 Bg7 23. Nc2 Bxa1 24. Qxa1 Qxa4 25. Qc3 Be6 26. g4 Qb3 27. Qe5 Rd8 28. Ne3 Qxb4 29. c6 Qb6 30. Qf6 Rc8 31. h4 Qxc6 32. h5 Bxg4 33. Qd4 Bxh5 34. Nd5 Qc1+ 35. Kh2 Bf3 36. Nf6+ Kg7 37. Ne8+ Kf8 38. Qh8+ Ke7 39. Qe5+ Kd7 40. Nf6+ Kc6 41. Qd5+ Kc7 42. Qa5+ Kb7 43. Qb5+ Kc7 44. Qa5+ Kd6 45. Qd5+ Ke7 46. Qe5+ Kf8 47. Nd7+ Kg8 48. Nf6+ Kf8 49. Nd7+ Kg8 50. Nf6+ Kg7 51. Ne8+ Kf8 52. Qh8+ Ke7 53. Qe5+ Kd7 54. Nf6+ Kc6 55. Qd5+ Kb6 56. Qb3+ Ka5 57. Qd5+ Rc5 58. Qa8+ Kb4 59. Qb7+ Kc3 60. Kg3 Qg5+ 61. Kh2 Qg2# 0-1


[Site "https://www.chess.com"]

[Event "Titled Tuesday Blitz August 24 2021"]
[White "Gubajdullin, Alexei"]
[Black "Zhigalko, Sergei"]
[WhiteFideId "4141202"]
[BlackFideId "13502956"]
[WhiteElo "2358"]
[BlackElo "2662"]
[Result "0-1"]
[Round "01"]
[TimeControl "180+1"]
[Date "2021.08.24"]
[WhiteClock "0:00:01"]
[BlackClock "0:00:03"]

1. d4 Nf6 2. Bf4 e6 3. e3 b6 4. Nf3 Bb7 5. Be2 d5 6. O-O Bd6 7. Ne5 O-O 8. a4 c5 9. a5 bxa5 10. dxc5 Bxc5 11. Nd2 Nc6 12. Nb3 Bb6 13. Bb5 Rc8 14. Nxc6 Bxc6 15. Ba6 Ra8 16. Nd4 Qd7 17. Nxc6 Qxc6 18. Be5 Nd7 19. Bc3 Bxe3 20. Bd3 Bh6 21. Rxa5 g6 22. Bb5 Qc7 23. Qd4 f6 24. Qg4 f5 25. Qd4 Nf6 26. Ra6 Qf7 27. Re1 Bg7 28. Raxe6 Ne4 29. Qxg7+ Qxg7 30. Bxg7 Kxg7 31. Bc6 Rad8 32. Rd1 Nf6 33. Re5 d4 34. Ra5 Rf7 35. Rda1 Rd6 36. Bf3 Rb6 37. b3 d3 38. cxd3 Rxb3 39. d4 Rd3 40. d5 g5 41. h3 g4 42. hxg4 fxg4 43. Be2 Rd2 44. Bc4 Ne4 45. Rxa7 Nxf2 46. d6 Rxa7 47. Rxa7+ Kg6 48. d7 g3 49. Ra3 Rd1+ 50. Bf1 Ne4 51. Re3 Nf6 52. Rxg3+ Kf7 53. Rf3 Rxd7 54. Kh2 Rd4 55. Bb5 Kg7 56. Rg3+ Kh6 57. Bd3 Ng4+ 58. Kg1 Ne5 59. Be2 Ng6 60. Rh3+ Kg7 61. g3 Rd2 62. Kf2 Ne5 63. Ke3 Ra2 64. Rh4 Ra3+ 65. Kf2 Ra2 66. Re4 Nd3+ 67. Ke3 Nc5 68. Rg4+ Kf6 69. Rf4+ Ke5 70. Rh4 Ra3+ 71. Kf2 Ne4+ 72. Ke1 Ra1+ 73. Bd1 Nc3 74. Rxh7 Rxd1+ 75. Kf2 Ne4+ 76. Kf3 Rd3+ 77. Ke2 Ra3 78. Rh5+ Kd4 79. Rh8 Re3+ 80. Kf1 Rxg3 81. Ke2 Re3+ 82. Kf1 Ra3 83. Kg2 Ra2+ 84. Kh3 Nf2+ 85. Kg3 Ke3 86. Re8+ Ne4+ 0-1


[Site "https://www.chess.com"]

[Event "Titled Tuesday Blitz August 24 2021"]
[White "Gubanov, Oleg"]
[Black "Molina, Roberto Junio Brito"]
[WhiteFideId "14115115"]
[BlackFideId "2109450"]
[WhiteElo "2138"]
[BlackElo "2402"]
[Result "0-1"]
[Round "01"]
[TimeControl "180+1"]
[Date "2021.08.24"]
[WhiteClock "0:00:12"]
[BlackClock "0:00:10"]

1. e4 c6 2. d4 d5 3. Nc3 dxe4 4. Nxe4 Nd7 5. Bc4 Ngf6 6. Ng5 e6 7. Ne2 h6 8. Nf3 Bd6 9. Bf4 Qc7 10. Bxd6 Qxd6 11. O-O O-O 12. Qd2 b6 13. Rad1 Bb7 14. Rfe1 Rfd8 15. Ng3 Rac8 16. Qe2 c5 17. dxc5 Qxc5 18. Bd3 Bxf3 19. Qxf3 Ne5 20. Qe2 Nxd3 21. cxd3 Qd5 22. b3 Rc7 23. Ne4 Qd4 24. Nxf6+ Qxf6 25. Rd2 Rcd7 26. Red1 Qc3 27. h3 Qd4 28. Kh2 g6 29. Qf3 Kg7 30. Qe2 h5 31. f3 Qf4+ 32. Kh1 Rd4 33. Rc2 R8d7 34. Rc8 Qf5 35. Qb2 e5 36. Re1 f6 37. Qa3 Rf7 38. Rec1 Qxd3 39. R8c7 Rdd7 40. Qxa7 Qd4 41. Rxd7 Rxd7 42. Qb8 h4 43. Rc7 Rxc7 44. Qxc7+ Kh6 45. Qc1+ g5 46. Qb1 Kg7 47. Qf5 Qd1+ 48. Kh2 Qd6 49. Qc8 Kg6 50. Qg8+ Kf5 51. Qh7+ Ke6 52. Qg8+ Kd7 53. Qf7+ Kc6 54. Qc4+ Qc5 55. Qe6+ Qd6 56. Qc4+ Kb7 57. Qf7+ Ka6 58. Qc4+ b5 59. Qc8+ Kb6 60. Kh1 b4 61. Qc4 Qd1+ 62. Kh2 Qd6 63. Qc8 e4+ 64. Kg1 exf3 65. gxf3 Qc5+ 66. Kg2 Qxc8 0-1


[Site "https://www.chess.com"]

[Event "Titled Tuesday Blitz August 24 2021"]
[White "Hajiyeva, Laman"]
[Black "Moroni, Luca Jr"]
[WhiteFideId "13415875"]
[BlackFideId "865834"]
[WhiteElo "1728"]
[BlackElo "2491"]
[Result "0-1"]
[Round "01"]
[TimeControl "180+1"]
[Date "2021.08.24"]
[WhiteClock "0:02:08"]
[BlackClock "0:01:10"]

1. d4 g6 2. c4 Bg7 3. Nc3 d6 4. e4 c5 5. d5 Bxc3+ 6. bxc3 e5 7. Nf3 Qe7 8. g3 Nd7 9. Bg2 f5 10. Ng5 Ndf6 11. O-O Bd7 12. exf5 gxf5 13. f4 e4 14. Be3 h6 15. Nh3 Ng4 16. Qd2 N8f6 17. Nf2 Nxf2 18. Bxf2 Ng4 19. Rfe1 O-O-O 20. Be3 h5 21. Rab1 h4 22. Qb2 b6 23. Qa3 Kb8 24. Rxb6+ axb6 25. Rb1 Bc8 26. Rxb6+ Bb7 27. Bxc5 dxc5 28. d6 Rxd6 0-1


[Site "https://www.chess.com"]

[Event "Titled Tuesday Blitz August 24 2021"]
[White "Hasman, Cengiz"]
[Black "Ivanisevic, Ivan"]
[WhiteFideId "413364"]
[BlackFideId "912417"]
[WhiteElo "2020"]
[BlackElo "2499"]
[Result "0-1"]
[Round "01"]
[TimeControl "180+1"]
[Date "2021.08.24"]
[WhiteClock "0:00:09"]
[BlackClock "0:00:40"]

1. d4 Nf6 2. c4 e6 3. Bg5 h6 4. Bh4 Bb4+ 5. Nd2 g5 6. Bg3 Ne4 7. Nf3 h5 8. h4 g4 9. a3 Nxg3 10. fxg3 Bd6 11. Ne5 Nc6 12. Ne4 Bxe5 13. dxe5 Nxe5 14. Qd4 f6 15. O-O-O b6 16. e3 Bb7 17. Be2 O-O 18. Rhf1 Bxe4 19. Qxe4 Qe7 20. Rf4 c6 21. Rdf1 d5 22. Qc2 Rad8 23. Kb1 Kg7 24. Qc3 dxc4 25. Bxc4 b5 26. Be2 Rd5 27. Rd4 a6 28. Rfd1 Rfd8 29. e4 Rxd4 30. Rxd4 Rxd4 31. Qxd4 c5 32. Qd2 c4 33. Qa5 Qd6 34. Ka2 Nc6 35. Qc3 Qd4 36. Qc2 a5 37. e5 Nxe5 38. a4 b4 39. Ka1 b3 40. Qc1 c3 41. Qxc3 Qg1+ 0-1


[Site "https://www.chess.com"]

[Event "Titled Tuesday Blitz August 24 2021"]
[White "Ibarra Jerez, Jose Carlos"]
[Black "Chen, Max"]
[WhiteFideId "2226332"]
[BlackFideId "2622440"]
[WhiteElo "2602"]
[BlackElo "2449"]
[Result "1-0"]
[Round "01"]
[TimeControl "180+1"]
[Date "2021.08.24"]
[WhiteClock "0:00:06"]
[BlackClock "0:00:03"]

1. e4 c5 2. c3 Nf6 3. e5 Nd5 4. d4 cxd4 5. Nf3 Nc6 6. cxd4 d6 7. Bc4 Nb6 8. Bb5 dxe5 9. Nxe5 Bd7 10. Nxd7 Qxd7 11. Nc3 e6 12. Be3 Be7 13. O-O O-O 14. Rc1 Rac8 15. Qf3 Nxd4 16. Bxd4 Qxd4 17. Qxb7 Bg5 18. Rcd1 Qb4 19. Qxa7 Qxb2 20. Qxb6 Rxc3 21. a4 Rb3 22. Qc5 Bf6 23. g3 Rb4 24. Rd3 Bd4 25. Qe7 e5 26. Rf3 g6 27. Be8 Rb7 28. Qd8 Kg7 29. h4 Qb6 30. Qxb6 Bxb6 31. Bb5 Bd4 32. Rc1 f5 33. Rd3 Rd8 34. Kg2 e4 35. Rd2 Bb6 36. Rxd8 Bxd8 37. Rc8 Ba5 38. Ra8 Bc3 39. Kf1 Rc7 40. Rd8 Rc5 41. Ke2 h6 42. Rd7+ Kf6 43. Rd6+ Kg7 44. Be8 Bf6 45. Rd7+ Kf8 46. Bxg6 Rc2+ 47. Kd1 Rxf2 48. Rf7+ Kg8 49. Rxf6 Kg7 50. Rxf5 Rg2 51. h5 Rxg3 52. Rf7+ Kg8 53. Ra7 Rg1+ 54. Ke2 Ra1 55. Ke3 Ra3+ 56. Kxe4 Ra1 1-0


[Site "https://www.chess.com"]

[Event "Titled Tuesday Blitz August 24 2021"]
[White "Idani, Pouya"]
[Black "Adury, Anant"]
[WhiteFideId "12510130"]
[BlackFideId "30964687"]
[WhiteElo "2610"]
[BlackElo "2399"]
[Result "1-0"]
[Round "01"]
[TimeControl "180+1"]
[Date "2021.08.24"]
[WhiteClock "0:00:11"]
[BlackClock "0:01:28"]

1. e4 c5 2. Nf3 g6 3. c3 Bg7 4. d4 cxd4 5. cxd4 d5 6. exd5 Nf6 7. Nc3 Nxd5 8. Bc4 Nb6 9. Bb3 O-O 10. h3 Nc6 11. Be3 Na5 12. O-O Nxb3 13. axb3 Nd5 14. Re1 Nxe3 15. fxe3 e5 16. d5 f5 17. e4 f4 18. Kh1 g5 19. Nh2 Qe8 20. d6 Bd7 21. Nd5 Rc8 22. Rxa7 h5 23. Ne7+ Kh8 24. Rxb7 Rd8 25. Rf1 g4 26. hxg4 hxg4 27. Rxd7 Rxd7 28. Qxg4 Rxd6 29. Nf5 Rd7 30. Rf3 Kg8 31. Rh3 Rd1+ 32. Qxd1 Qg6 33. Qg4 Qf6 34. Nh6+ Kh8 35. Nf7+ Kg8 36. Ng5 Ra8 37. Nhf3 Kf8 38. Nh7+ Kf7 39. Nxf6 Bxf6 40. Rh7+ 1-0


[Site "https://www.chess.com"]

[Event "Titled Tuesday Blitz August 24 2021"]
[White "Idrisov, Ildar F"]
[Black "Wieczorek, Oskar"]
[WhiteFideId "4151020"]
[BlackFideId "1133950"]
[WhiteElo "2209"]
[BlackElo "2258"]
[Result "0-1"]
[Round "01"]
[TimeControl "180+1"]
[Date "2021.08.24"]
[WhiteClock "0:00:05"]
[BlackClock "0:00:23"]

1. Nf3 d5 2. b3 Bg4 3. Bb2 Bxf3 4. exf3 e6 5. f4 Nf6 6. g3 g6 7. Bg2 Bg7 8. O-O O-O 9. d3 c5 10. Nd2 Nc6 11. Nf3 Nh5 12. Bxg7 Nxg7 13. Ne5 Qc7 14. Nxc6 Qxc6 15. c4 Qd6 16. Qe2 Nf5 17. cxd5 exd5 18. Qe5 Rfd8 19. Rfe1 Rac8 20. Rac1 Nd4 21. Qxd6 Rxd6 22. Re7 Kf8 23. Rce1 Rb8 24. R7e5 Rbd8 25. Re7 Rb6 26. Rc7 Ne6 27. Rxe6 Rxe6 28. Rxb7 Re7 29. Rb5 Rc7 30. Bf1 Ke7 31. Kg2 Rd6 32. Kf3 Rb6 33. Ra5 Kd6 34. Be2 Re7 35. h4 Rc7 36. Ra4 a6 37. Ke3 Ra7 38. Kd2 a5 39. Bd1 Rb4 40. Ra3 Kc6 41. Kc3 Kb6 42. Kd2 Re7 43. Be2 a4 44. Bd1 axb3 45. axb3 Ra7 46. Rxa7 Kxa7 47. Bf3 Rd4 48. Kc3 Kb6 49. b4 Kc6 50. bxc5 Kxc5 51. Bd1 Rb4 52. Bf3 Ra4 53. Kb3 Ra7 54. Kc3 Ra3+ 55. Kd2 Kd4 56. Ke2 Ra2+ 57. Ke1 Rb2 58. h5 gxh5 59. Bxh5 Kxd3 60. Kf1 Rb1+ 61. Kg2 Rb7 62. Kf3 d4 63. Bg4 Kc3 64. Bf5 Rd7 65. Ke2 Re7+ 66. Kd1 h6 67. g4 d3 68. g5 hxg5 69. fxg5 d2 0-1


[Site "https://www.chess.com"]

[Event "Titled Tuesday Blitz August 24 2021"]
[White "Ilyasli, Ughur"]
[Black "Timmermans, Mark"]
[WhiteFideId "13416197"]
[BlackFideId "1026399"]
[WhiteElo "2051"]
[BlackElo "2460"]
[Result "0-1"]
[Round "01"]
[TimeControl "180+1"]
[Date "2021.08.24"]
[WhiteClock "0:00:06"]
[BlackClock "0:00:34"]

1. e4 Nf6 2. e5 Nd5 3. c4 Nb6 4. d4 d6 5. f4 g6 6. Nf3 Bg7 7. Nc3 O-O 8. Be3 Bg4 9. Be2 N8d7 10. h3 Bxf3 11. Bxf3 Nxc4 12. Bf2 c6 13. h4 dxe5 14. fxe5 c5 15. h5 cxd4 16. hxg6 hxg6 17. Qxd4 Ndxe5 18. Qh4 Qd2+ 19. Kf1 Rfd8 20. Bd5 Rxd5 21. Nxd5 Qxd5 22. Kg1 Nd2 23. Rh3 Ndf3+ 24. gxf3 Nxf3+ 25. Rxf3 Qxf3 26. Qxe7 Bxb2 27. Rb1 Qg4+ 28. Kf1 Qh3+ 29. Kg1 Qg4+ 30. Kf1 Qc4+ 31. Kg1 Qxa2 32. Rf1 Qd5 33. Rb1 Bd4 34. Rxb7 Bxf2+ 35. Kxf2 a5 36. Rb6 Qd4+ 37. Qe3 Qxe3+ 38. Kxe3 a4 39. Rb2 a3 40. Ra2 Kg7 41. Kf4 f6 42. Kg4 Ra4+ 43. Kg3 f5 44. Kf3 Kf6 45. Kg3 g5 46. Kf3 g4+ 47. Kg3 Kg5 48. Kg2 f4 49. Kf2 Kh4 50. Kg2 f3+ 51. Kh2 g3+ 52. Kh1 Rb4 53. Ra1 a2 54. Rg1 Rb1 55. Rxb1 0-1


[Site "https://www.chess.com"]

[Event "Titled Tuesday Blitz August 24 2021"]
[White "Ivanchuk, Vasyl"]
[Black "Omariev, Maksim"]
[WhiteFideId "14100010"]
[BlackFideId "4193423"]
[WhiteElo "2710"]
[BlackElo "2421"]
[Result "1-0"]
[Round "01"]
[TimeControl "180+1"]
[Date "2021.08.24"]
[WhiteClock "0:01:24"]
[BlackClock "0:00:15"]

1. d4 h5 2. c4 h4 3. Nc3 d6 4. e4 e5 5. Nf3 Nc6 6. d5 Nce7 7. c5 Ng6 8. Bb5+ Bd7 9. Qb3 Rb8 10. Bxd7+ Qxd7 11. c6 Qc8 12. Qa4 b6 13. Qxa7 Ra8 14. Qb7 Qxb7 15. cxb7 Rb8 16. Ke2 Nf6 17. Be3 Be7 18. g3 Rxb7 19. Rhc1 Ng4 20. Bd2 hxg3 21. hxg3 Kd7 22. a4 Bd8 23. Rc2 Ne7 24. Ng5 Nc8 25. Nxf7 Rf8 26. Nxd8 Rxf2+ 27. Ke1 Rxd2 28. Kxd2 Kxd8 29. Rh1 Nh6 30. b4 Ne7 31. Kd3 Neg8 32. Rf2 Nf6 33. Rxf6 1-0


[Site "https://www.chess.com"]

[Event "Titled Tuesday Blitz August 24 2021"]
[White "Jarovinsky, Alexey"]
[Black "Pein, Jonathan"]
[WhiteFideId "14115131"]
[BlackFideId "417092"]
[WhiteElo "2446"]
[BlackElo "2167"]
[Result "1-0"]
[Round "01"]
[TimeControl "180+1"]
[Date "2021.08.24"]
[WhiteClock "0:00:09"]
[BlackClock "0:00:03"]

1. Nc3 c5 2. e4 g6 3. g3 Bg7 4. Bg2 Nc6 5. d3 e5 6. f4 Nge7 7. Nf3 O-O 8. O-O d6 9. h3 f5 10. Be3 Nd4 11. Qd2 Rb8 12. fxe5 dxe5 13. Bh6 Nec6 14. Bxg7 Kxg7 15. exf5 gxf5 16. Rae1 Nxf3+ 17. Bxf3 Qf6 18. Kh2 Be6 19. b3 Rbe8 20. Bg2 h6 21. Rf2 Re7 22. Bxc6 bxc6 23. Qe3 f4 24. Qxe5 fxg3+ 25. Qxg3+ Qg5 26. Qxg5+ hxg5 27. Rxf8 Kxf8 28. Re5 g4 29. h4 Ke8 30. Ne4 Kd7 31. Nxc5+ 1-0


[Site "https://www.chess.com"]

[Event "Titled Tuesday Blitz August 24 2021"]
[White "Jin, Ashton"]
[Black "Sevian, Samuel"]
[WhiteFideId "30931908"]
[BlackFideId "2040506"]
[WhiteElo "2471"]
[BlackElo "2985"]
[Result "0-1"]
[Round "01"]
[TimeControl "180+1"]
[Date "2021.08.24"]
[WhiteClock "0:00:20"]
[BlackClock "0:02:21"]

1. d4 Nf6 2. c4 g6 3. g3 Bg7 4. Bg2 O-O 5. Nc3 Nc6 6. Nf3 a6 7. O-O Rb8 8. b3 b5 9. cxb5 axb5 10. Bb2 b4 11. Na4 Ba6 12. Re1 e6 13. e4 d5 14. Nc5 Bb5 15. e5 Nd7 16. Rc1 Re8 17. Bf1 Bxf1 18. Kxf1 Nxc5 19. Rxc5 Na7 20. Kg2 Bf8 21. Rc2 Nb5 22. h4 Ra8 23. Qa1 Ra6 24. Bc1 Nc3 25. Bd2 Ne4 26. Rec1 Qa8 27. Be1 Bh6 28. Rd1 Qb7 29. g4 Rea8 30. g5 Bf8 31. Qc1 c6 32. Qb2 c5 33. dxc5 Bxc5 34. Nd4 Rxa2 35. Qxa2 Rxa2 36. Rxa2 Nc3 37. Bxc3 bxc3 38. Rc2 Bxd4 39. Rxd4 Qxb3 40. Rc1 Qb2 41. Rdd1 c2 42. Re1 d4 43. h5 d3 44. h6 d2 45. Ra1 Qb7+ 0-1


[Site "https://www.chess.com"]

[Event "Titled Tuesday Blitz August 24 2021"]
[White "Jobava, Baadur"]
[Black "Shevtchenko, Olesya"]
[WhiteFideId "13601520"]
[BlackFideId "24131890"]
[WhiteElo "2748"]
[BlackElo "2003"]
[Result "1-0"]
[Round "01"]
[TimeControl "180+1"]
[Date "2021.08.24"]
[WhiteClock "0:01:18"]
[BlackClock "0:00:20"]

1. e4 c5 2. c4 Nc6 3. Ne2 e5 4. Nbc3 g6 5. g3 Bg7 6. Bg2 Nge7 7. d3 O-O 8. O-O d6 9. Nd5 Nd4 10. Nxd4 Nxd5 11. cxd5 cxd4 12. Qb3 Qb6 13. Qxb6 axb6 14. Bd2 Bd7 15. Bb4 Bb5 16. Bxd6 Rfc8 17. Rfd1 Rc2 18. Bf1 Rxb2 19. Rdb1 Rxb1 20. Rxb1 Ba6 21. Rxb6 Rc8 22. f4 Rc1 23. Kf2 Rc2+ 24. Kf3 exf4 25. Bxf4 Bf8 26. d6 Rc8 27. e5 Kg7 28. Bh3 Rc3 29. Bg5 Bxd3 30. Rb3 Bb5+ 31. Rxc3 dxc3 32. Ke3 h6 33. Bf6+ Kg8 34. d7 Bxd7 35. Bxd7 Bc5+ 36. Kd3 Bg1 37. h3 Bh2 38. g4 Bg1 39. Kxc3 Kf8 40. Kc4 h5 41. a4 hxg4 42. hxg4 Bf2 43. Kd5 Be3 44. Kd6 g5 45. Kc7 b6 46. Kc6 Kg8 47. Bd8 Bf4 48. Bc7 f6 49. exf6 Kf7 50. Bxf4 gxf4 51. g5 f3 52. Bh3 f2 53. Kxb6 Kg6 54. a5 Kf7 55. a6 f1=Q 56. Bxf1 1-0


[Site "https://www.chess.com"]

[Event "Titled Tuesday Blitz August 24 2021"]
[White "Kaminski, Victor"]
[Black "Ozen, Bahadir"]
[WhiteFideId "1131630"]
[BlackFideId "6337058"]
[WhiteElo "2181"]
[BlackElo "2503"]
[Result "0-1"]
[Round "01"]
[TimeControl "180+1"]
[Date "2021.08.24"]
[WhiteClock "0:00:03"]
[BlackClock "0:01:42"]

1. d4 d5 2. c4 dxc4 3. e3 Nf6 4. Bxc4 e6 5. Nf3 c5 6. O-O a6 7. Qe2 b5 8. Bb3 Bb7 9. Nc3 Nbd7 10. dxc5 Nxc5 11. Rd1 Qb6 12. Bc2 b4 13. Na4 Qb5 14. Qxb5+ axb5 15. Nxc5 Bxc5 16. Bd3 Ra5 17. Nd2 Bd5 18. e4 Rxa2 19. Rxa2 Bxa2 20. b3 Ng4 21. Bxb5+ Ke7 22. Rf1 Rc8 23. Bc4 Rd8 24. h3 Ne5 25. g3 Rxd2 26. Bxd2 Nf3+ 27. Kg2 Nxd2 28. Rc1 Nxc4 29. Rxc4 Kd6 30. e5+ Kd5 31. Rf4 Bxb3 32. Rxf7 Bc2 33. Rxg7 b3 34. Rb7 Kc6 35. Rb8 Bb6 0-1


[Site "https://www.chess.com"]

[Event "Titled Tuesday Blitz August 24 2021"]
[White "Khodzhamkuliev, Bahadur"]
[Black "Demchenko, Anton"]
[WhiteFideId "24135046"]
[BlackFideId "4160258"]
[WhiteElo "2130"]
[BlackElo "2583"]
[Result "1-0"]
[Round "01"]
[TimeControl "180+1"]
[Date "2021.08.24"]
[WhiteClock "0:00:45"]
[BlackClock "0:00:10"]

1. Nf3 Nf6 2. d4 d5 3. c4 e6 4. Nc3 Nc6 5. Bg5 Be7 6. cxd5 Nxd5 7. Bxe7 Qxe7 8. e4 Nxc3 9. bxc3 O-O 10. Bd3 e5 11. d5 Nb8 12. O-O Bg4 13. Be2 Nd7 14. Nd2 Bxe2 15. Qxe2 Nc5 16. Qe3 b6 17. f3 a5 18. Nc4 a4 19. Rab1 Nb7 20. Rb4 Nd6 21. Nxd6 Qxd6 22. Rfb1 Ra5 23. c4 Rfa8 24. Rb5 h6 25. h3 a3 26. Rxa5 Rxa5 27. Rb5 Rxb5 28. cxb5 Qb4 29. Qe2 Qc3 30. Kf2 Kf8 31. Kg3 Ke7 32. h4 Kd6 33. h5 Kc5 34. Kh3 Qb2 35. Qe3+ Kxb5 36. Qd3+ Kc5 37. Qe3+ Kd6 38. f4 f6 39. fxe5+ fxe5 40. Qf3 Kc5 41. Qf8+ Kd4 42. Qxg7 Qxa2 43. Qxc7 Kxe4 44. d6 Qe6+ 45. Kh2 a2 46. Qc2+ Kd4 47. Qd2+ Kc5 48. Qd1 Qxd6 49. Qc2+ Kd4 50. Qxa2 e4+ 51. Kh3 e3 52. Qb2+ Ke4 53. Qc2+ Kf4 54. g3+ Kf3 55. Qg2# 1-0


[Site "https://www.chess.com"]

[Event "Titled Tuesday Blitz August 24 2021"]
[White "Kholin, Aleksandr"]
[Black "Ter-Sahakyan, Samvel"]
[WhiteFideId "14202190"]
[BlackFideId "13302531"]
[WhiteElo "2430"]
[BlackElo "2551"]
[Result "1-0"]
[Round "01"]
[TimeControl "180+1"]
[Date "2021.08.24"]
[WhiteClock "0:00:29"]
[BlackClock "0:01:43"]

1. e4 e6 2. d4 d5 3. Nd2 c5 4. Ngf3 cxd4 5. exd5 Qxd5 6. Bc4 Qd6 7. O-O Nf6 8. Nb3 Nc6 9. Nbxd4 Nxd4 10. Nxd4 Be7 11. Nb5 Qc6 12. Bd3 O-O 13. Bf4 a6 14. Nd4 Qb6 15. Nb3 Bd7 16. Qe2 a5 17. a4 Bc6 18. Be3 Qc7 19. Nd4 Nd5 20. Nb5 Bxb5 21. axb5 Nxe3 22. Qxe3 Bc5 23. Qh3 g6 24. Rad1 Rad8 25. Qf3 b6 26. c3 Rd6 27. Be4 Rfd8 28. Bc6 Bxf2+ 29. Kxf2 Rxd1 30. Rxd1 Rxd1 31. Qxd1 Qxh2 32. Qd8+ Kg7 33. Qd4+ e5 34. Qxb6 Qf4+ 35. Ke2 Qc4+ 36. Kd2 Qb3 37. Kc1 a4 38. Qc5 1-0


[Site "https://www.chess.com"]

[Event "Titled Tuesday Blitz August 24 2021"]
[White "Khusnutdinov, Rustam"]
[Black "Purtseladze, Maka"]
[WhiteFideId "13701703"]
[BlackFideId "13602659"]
[WhiteElo "2571"]
[BlackElo "2178"]
[Result "1-0"]
[Round "01"]
[TimeControl "180+1"]
[Date "2021.08.24"]
[WhiteClock "0:00:20"]
[BlackClock "0:00:11"]

1. d4 Nf6 2. c4 Nc6 3. Nf3 e6 4. a3 g6 5. Nc3 Bg7 6. e4 d6 7. Be2 O-O 8. Be3 Re8 9. O-O e5 10. dxe5 Nxe5 11. Nxe5 dxe5 12. Qc2 c6 13. h3 Qc7 14. c5 Be6 15. b4 b5 16. cxb6 axb6 17. Rfc1 Rec8 18. Qb2 Qb7 19. a4 Nd7 20. Rcb1 Qc7 21. Qd2 Qd8 22. Bf1 Qe7 23. a5 bxa5 24. bxa5 Rcb8 25. Rxb8+ Rxb8 26. a6 Ra8 27. Qb2 Qd8 28. a7 Qc7 29. Ba6 Rxa7 30. Bxa7 Qxa7 31. Bc4 Qd4 32. Bxe6 fxe6 33. Rd1 Qa7 34. Qa2 Qxa2 35. Nxa2 Nc5 36. Nb4 Nxe4 37. Nxc6 Nf6 38. Rd8+ Kf7 39. Nxe5+ Ke7 40. Ra8 Nd5 41. Ra7+ Kf8 42. Nd7+ Kf7 43. Nc5+ Kf6 44. Ne4+ Ke5 45. Ng5 Bh6 46. Nf7+ 1-0


[Site "https://www.chess.com"]